 Dungeon Sprint DCSS version 0.29.1-15-g9cfb28693d (webtiles) character file.

Game seed: 8106687810733684722

21 Groucho the Chiller (level 2, 0/15 HPs)
             Began as a Deep Elf Ice Elementalist on Apr 6, 2023.
             Was an Initiate of Vehumet.
             Slain by a scorpion (6 damage)
             ... in the Dungeon (Sprint VII: "The Pits").
             The game lasted 00:01:28 (675 turns).

Groucho the Chiller (Deep Elf Ice Elementalist)      Turns: 675, Time: 00:01:29

Health: 0/15       AC:  2    Str:  5    XL:     2   Next: 65%
Magic:  2/9        EV: 13    Int: 19    God:    Vehumet [......]
Gold:   0          SH:  0    Dex: 15    Spells: 9/10 levels left

rFire   . . .      SeeInvis .   h - +2 quarterstaff (vorpal)
rCold   . . .      Faith    .   (shield currently unavailable)
rNeg    . . .      Spirit   .   a - +0 robe
rPois   .          Reflect  .   (no helmet)
rElec   .          Harm     .   (no cloak)
rCorr   .          Rampage  .   (no gloves)
Will    .....      NoTele   +   (no boots)
Stlth   ++........              (no amulet)
HPRegen 0.05/turn               (no ring)
MPRegen 0.11/turn               (no ring)

@: lethally poisoned (0 -> -7)
A: no striking features
a: Renounce Religion


You were in the Dungeon.
You worshipped Vehumet.
Vehumet was noncommittal.
You visited 1 branch

Inventory:

Hand Weapons
 h - a +2 vorpal quarterstaff (weapon)
Missiles
 l - 10 stones
Armour
 a - a +0 robe (worn)
Scrolls
 g - a scroll of blinking
 j - 5 scrolls of amnesia
 k - a scroll of summoning
Potions
 b - 5 potions of magic
 e - a potion of haste
 f - 3 potions of berserk rage
 i - 2 potions of invisibility


   Skills:
 + Level 4.3 Dodging
 - Level 2.4 Stealth
 + Level 4.9 Spellcasting
 + Level 1.4 Conjurations
 + Level 5.4 Ice Magic


You had 9 spell levels left.
You knew the following spells:

 Your Spells              Type           Power      Damage    Failure   Level
a - Freeze                Ice            100%       1d11      1%          1

Your spell library contained the following spells:

 Spells                   Type           Power      Damage    Failure   Level
 Frozen Ramparts          Ice            50%        1d8       4%          3
 Ozocubu's Armour         Ice            25%        N/A       4%          3
 Hailstorm                Conj/Ice       17%        3d6       30%         4


Dungeon Overview and Level Annotations

Branches:
Dungeon (1/1)

Altars:
Ashenzari
Cheibriados
Dithmenos
Elyvilon
Fedhas
Gozag
Hepliaklqana
Kikubaaqudgha
Makhleb
Nemelex Xobeh
Okawaru
Qazlal
Ru
Sif Muna
Trog
Uskayaw
Vehumet
Wu Jian
Xom
Yredelemnul
Zin
The Shining One
Jiyva
Lugonu


Message History

Confirm with . or Enter, or press ? or * to list all spells.
Aiming: Freeze (safe; 1% risk of failure)
Press: ? - help, Shift-Dir - straight line, f/p - adder skeleton
Aim: an adder skeleton (heavily damaged)
You freeze the adder skeleton.
The adder skeleton resists.
The adder skeleton is heavily damaged.
The adder skeleton closely misses you.
You completely miss the adder skeleton.
The adder skeleton is heavily damaged.
The adder skeleton barely misses you.
A scorpion comes into view.
You closely miss the scorpion. The scorpion stings you.
You hit the scorpion but do no damage. The scorpion misses you.
The scorpion stings you.
* * * LOW HITPOINT WARNING * * *
Unknown command.
You feel much better. The scorpion closely misses you.
There is an open door here.
The scorpion attacks as you move away! The scorpion stings you.
The scorpion stings you.
You are lethally poisoned!
The scorpion poisons you!
Casting: Freeze (safe; 1% risk of failure)
Confirm with . or Enter, or press ? or * to list all spells.
Aiming: Freeze (safe; 1% risk of failure)
Press: ? - help, Shift-Dir - straight line, f - scorpion, p - adder skeleton
Aim: a scorpion You freeze the scorpion.
The scorpion is lightly wounded.
You feel very sick. The scorpion barely misses you.
Casting: Freeze (safe; 1% risk of failure)
Confirm with . or Enter, or press ? or * to list all spells.
Aiming: Freeze (safe; 1% risk of failure)
Press: ? - help, Shift-Dir - straight line, f/p - scorpion
Aim: a scorpion (lightly wounded)
You freeze the scorpion.
The scorpion is heavily wounded.
You feel sick. The scorpion stings you.
You die...

############
#_________.#
#_________.#
#_______...###########++
##########'##...........
#.?..')))'.##......#..#
##########.##..........
#......Zs@))'...........
+#####'#####......#..#.
#.....# #...........
#.....# ####'#####+
###'### #.......# ...
#.......# #... #.......#
#### #...<...# #.......#


You could see a scorpion and an adder skeleton.

Vanquished Creatures
  2 gnolls (D)
  A quokka (D)
3 creatures vanquished.

Notes
Turn   | Place    | Note
-------+----------+-------------------------------------------
     0 | D        | Groucho the Deep Elf Ice Elementalist began the quest for
                  | the Orb.
     0 | D        | Reached XP level 1. HP: 10/10 MP: 6/6
    14 | D        | Reached skill level 5 in Ice Magic
    14 | D        | Reached XP level 2. HP: 11/15 MP: 3/9
   300 | D        | Found a bloodstained altar of Trog.
   300 | D        | Found a shimmering blue altar of Sif Muna.
   300 | D        | Found a viscous altar of Jiyva.
   300 | D        | Found a hazy altar of Hepliaklqana.
   300 | D        | Found an opulent altar of Gozag.
   301 | D        | Found a glowing golden altar of the Shining One.
   301 | D        | Found a glowing silver altar of Zin.
   301 | D        | Found a basalt altar of Yredelemnul.
   301 | D        | Found a shimmering altar of Xom.
   301 | D        | Found an ornate altar of the Wu Jian Council.
   301 | D        | Found a sacrificial altar of Ru.
   301 | D        | Found a stormy altar of Qazlal.
   301 | D        | Found an iron altar of Okawaru.
   301 | D        | Found a sparkling altar of Nemelex Xobeh.
   301 | D        | Found a burning altar of Makhleb.
   301 | D        | Found a blossoming altar of Fedhas.
   301 | D        | Found a white marble altar of Elyvilon.
   301 | D        | Found a shadowy altar of Dithmenos.
   301 | D        | Found a snail-covered altar of Cheibriados.
   303 | D        | Found a radiant altar of Vehumet.
   303 | D        | Found a corrupted altar of Lugonu.
   304 | D        | Found a hide-covered altar of Uskayaw.
   304 | D        | Found an ancient bone altar of Kikubaaqudgha.
   304 | D        | Found a broken altar of Ashenzari.
   311 | D        | Became a worshipper of Vehumet
   334 | D        | Reached skill level 1 in Conjurations
   667 | D        | Noticed a scorpion
   675 | D        | Slain by a scorpion

Illustrated notes

Levels and vault maps discovered:
D:        pitsprint [storerooms_1, entrance_room_1, metal_vault_6, armoury_1,
          mini_pit_1, grid_room_1, main_hall_1, silver_pit, the_coven_2,
          the_vestibule_1, steel_vault_2, golden_pit, hallway_of_sentries,
          crystal_vault_3, iron_vault_1, final_vault]

Skill      XL: |  1  2 |
---------------+-------+-----
Dodging        | 3 4 |  4.3
Spellcasting   | 4 |  4.9
Ice Magic      | 5 |  5.4
Conjurations   | 1 |  1.4
Stealth        | |  2.4

Action                   || total
-------------------------++-------
Melee: Quarterstaff      ||     3
 Cast: Freeze            ||    16
  Use: Potion            ||     2
Armor: Robe              ||     2
Dodge: Dodged            ||    11
